AoeStats
← Michi3052

Arena

505162963Analyzed
1v1 RM · 25d ago on Sep 8, 2026· 47m 39s· 2 players
Game mode
Random Map
Map size
Tiny (2 player)
Population
200
Speed
Normal
Resources
Standard
Victory
Conquest
Starting age
Dark Age
Ending age
Imperial Age
RankedLock teamsTeams togetherTeam positionsShared explorationLock speedFull tech treeHidden civsTurbo modeCheats
Victory
Defeat
🇺🇸 Franks · United States
723
+12
🇪🇸 Turks · Spain
639
-12
Michi3052
12:15 Feudal Age
12:49 Double-Bit Axe
17:27 Wheelbarrow
20:49 Castle Age
20:00 Horse Collar
26:17 Imperial Age
24:05 Bow Saw
26:19 Gold Mining
27:24 Fletching
27:35 Padded Archer Armor
30:11 Loom
33:17 Leather Archer Armor
32:58 Bodkin Arrow
33:28 Ballistics
33:41 Thumb Ring
34:35 Bracer
37:48 Heavy Plow
38:40 Town Watch
43:47 Hand Cart
43:55 Town Patrol
47:04 Gold Shaft Mining
46:20 Stone Mining
TerrorTerp24
5:21 Loom
9:55 Feudal Age
11:21 Wheelbarrow
10:52 Double-Bit Axe
18:35 Castle Age
16:41 Gold Mining
17:02 Stone Mining
19:32 Hand Cart
19:31 Bow Saw
19:59 Gold Shaft Mining
30:10 Imperial Age
27:27 Town Watch
28:20 Fletching
28:40 Forging
28:32 Scale Mail Armor
29:37 #83
30:12 Arson
30:28 Squires
30:28 Bodkin Arrow
31:09 Iron Casting
30:50 Chain Mail Armor
31:27 Conscription
31:45 Elite Throwing Axeman
33:38 Blast Furnace
35:39 Plate Mail Armor
Connection lost

Rejoining the realm…

Still unreachable

The connection could not be restored.

Session expired

The server has moved on; the page needs a fresh start.